 Dungeon Crawl Stone Soup version 0.30-a0-165-g1891117ce2 (webtiles) character file.

Game seed: 6362324047817609188

186 qw the Shield-Bearer (level 5, -2/32 HPs)
             Began as a Gargoyle Fighter on Sept 28, 2022.
             Was an Initiate of Okawaru.
             Slain by Edmund
             ... wielding a +1 vorpal flail
              (8 damage)
             ... on level 4 of the Dungeon.
             The game lasted 00:01:09 (3944 turns).

qw the Shield-Bearer (Gargoyle Fighter)             Turns: 3944, Time: 00:01:10

Health: -2/32      AC: 13    Str: 22    XL:     5   Next: 65%
Magic:  5/5        EV:  6    Int:  8    God:    Okawaru [......]
Gold:   223        SH:  8    Dex:  9    Spells: 4/4 levels left

rFire   . . .      SeeInvis .    Y - +0 war axe
rCold   . . .      Faith    .    a - +0 kite shield
rNeg    + . .      Spirit   .    i - +0 chain mail
rPois   inf        Reflect  .    (no helmet)
rElec   +          Harm     .    (no cloak)
rCorr   .          Rampage  .    (no gloves)
Will    .....                    (no boots)
Stlth   ..........               h - amulet of the acrobat
HPRegen 0.10/turn                (no ring)
MPRegen 0.09/turn                (no ring)

@: no status effects
A: sickness immunity, AC +4, negative energy resistance 1, electricity
resistance, torment resistance 1, petrification resistance
a: Renounce Religion


You were on level 4 of the Dungeon.
You worshipped Okawaru.
Okawaru was noncommittal.
You visited 2 branches of the dungeon, and saw 5 of its levels.

You collected 223 gold pieces.


Innate Abilities, Weirdness & Mutations

You are immune to sickness and miasma.
Your stone body is resilient. (AC +4)
You are immune to poison.
You resist negative energy. (rN+)
You are resistant to electric shocks. (rElec)
You are resistant to unholy torment.
You are immune to petrification.


   Skills:
 - Level 3.2 Fighting
 + Level 4.1 Axes
 - Level 3.2 Armour
 - Level 5.0 Shields


You had 4 spell levels left.
You didn't know any spells.
Your spell library was empty.

Inventory:

Hand Weapons
 f - a +2 whip of electrocution
 Y - a +0 war axe (weapon)
Armour
 a - a +0 kite shield (worn)
 i - a +0 chain mail (worn)
Jewellery
 g - a ring of fire
 h - an amulet of the acrobat (around neck)
Scrolls
 b - 3 scrolls of identify
 m - a scroll of enchant armour
 o - a scroll of torment {unknown}
 q - a scroll of poison {unknown}
Potions
 c - a potion of lignification
 d - 4 potions of might
 j - a potion of attraction {unknown}
 k - a potion of berserk rage {unknown}
 l - 2 potions of curing {unknown}
 n - 2 potions of flight {unknown}
 p - a potion of degeneration {unknown}

Dungeon Overview and Level Annotations

Branches:
Dungeon (4/15)             Temple (1/1) D:4

Altars:
Ashenzari
Cheibriados
Dithmenos
Fedhas
Hepliaklqana
Okawaru
Qazlal
Ru
Wu Jian
Xom
Zin

Annotations:
D:4 Edmund


Message History

Edmund is moderately wounded.
Edmund hits you but does no damage.
You closely miss Edmund.
Edmund is moderately wounded.
You block Edmund's attack. Edmund barely misses you.
You hit Edmund.
Edmund is moderately wounded.
You block Edmund's attack.
You hit Edmund but do no damage.
Edmund is moderately wounded.
You block Edmund's attack. x2
You barely miss Edmund.
Edmund is moderately wounded.
You block Edmund's attack.
You slash Edmund!
Edmund is severely wounded.
Edmund hits you but does no damage.
You closely miss Edmund.
Edmund is severely wounded.
Edmund hits you but does no damage. Edmund barely misses you.
You barely miss Edmund.
Edmund is severely wounded.
Edmund hits you with a +1 vorpal flail.
You barely miss Edmund.
Edmund is severely wounded.
Edmund barely misses you. Edmund hits you but does no damage.
You hit Edmund.
Edmund is severely wounded.
Edmund hits you but does no damage.
You hit Edmund but do no damage.
Edmund is severely wounded.
Edmund hits you with a +1 vorpal flail. x2
You hit Edmund.
Edmund is almost dead.
Edmund gestures with his flail.
You block Edmund's attack.
You closely miss Edmund.
Edmund is almost dead.
Edmund hits you with a +1 vorpal flail!
You die...

...#................
...#....................
...#....................
...#....................
...#....................
...#..................<.
...####.####.####....#
#. ##.####@...### #.
#.....@.......
#.....#.......
#.....#.......
##..###....### #..#
....# #.... .....# #....
.....# #..... .....#


You could see Edmund.

Vanquished Creatures
  A hound (D:4)
  An iguana (D:4)
  3 gnolls (D:4)
  2 adders (D:4)
  A worm (D:2)
  A dart slug (D:1)
  6 orcs
  5 ball pythons
  6 endoplasms
  A giant cockroach (D:1)
  9 goblins
  6 hobgoblins
  7 jackals
  5 kobolds
  4 quokkas
  4 bats
  6 frilled lizards
  5 rats
73 creatures vanquished.

Notes
Turn   | Place    | Note
-------+----------+-------------------------------------------
     0 | D:1      | qw the Gargoyle Fighter began the quest for the Orb.
     0 | D:1      | Reached XP level 1. HP: 14/14 MP: 1/1
     0 | D:1      | 0 ||| qw: Version: 0.2-a-12-gaebbb33
     0 | D:1      | 0 ||| qw: Game counter: 750
     0 | D:1      | 0 ||| qw: Always use a shield: true
     0 | D:1      | 0 ||| qw: God list: Okawaru
     0 | D:1      | 0 ||| qw: Allow faded altars: false
     0 | D:1      | 0 ||| qw: Do Orc after D:15 true
     0 | D:1      | 0 ||| qw: Do second Lair branch before Depths: true
     0 | D:1      | 0 ||| qw: Lair rune preference: random
     0 | D:1      | 0 ||| qw: Plans: Normal, Zot:1-4, God:TSO, Crypt, Tomb,
                  | Pan, Slime:5, Hells, Abyss, Orb
     0 | D:1      | 0 ||| PLANNING D:1-11
   233 | D:1      | Reached XP level 2. HP: 19/19 MP: 2/2
   452 | D:1      | Found a faded altar of an unknown god.
   860 | D:1      | 860 ||| UPGRADING to +0 chain mail.
   870 | D:1      | 870 ||| DROPPING +0 scale mail.
   871 | D:1      | 871 ||| READING scroll labelled SOITEU IGECLU.
   872 | D:1      | 872 ||| READING scroll labelled ZOIXAT PEYR.
   942 | D:2      | Reached skill level 3 in Axes
  1029 | D:2      | Reached XP level 3. HP: 11/23 MP: 3/3
  1886 | D:2      | 1886 ||| UPGRADING to +0 kite shield.
  1896 | D:2      | 1896 ||| DROPPING +0 buckler.
  1897 | D:2      | 1897 ||| READING scroll labelled OMASUO HUGOPP.
  1898 | D:2      | 1898 ||| READING scroll labelled OSSYPHUVYA.
  1948 | D:3      | 1948 ||| Stepping ~*~*~tactically~*~*~ (stealth).
  1949 | D:3      | 1949 ||| Stepping ~*~*~tactically~*~*~ (stealth).
  1962 | D:3      | 1962 ||| DROPPING +0 club.
  2010 | D:3      | Reached XP level 4. HP: 28/28 MP: 4/4
  2399 | D:3      | Identified the +0 robe of Jyhehy {rF+ rN+ Str-5}
  2400 | D:3      | 2400 ||| Stepping ~*~*~tactically~*~*~ (stealth).
  2587 | D:3      | Reached skill level 4 in Shields
  2792 | D:3      | 2792 ||| READING scroll labelled HORCHO ET JIJUNWEM.
  2792 | D:3      | Identified a scroll of acquirement
  2792 | D:3      | 2792 ||| ACQUIRING amulet of the acrobat
  2792 | D:3      | Acquired an amulet of the acrobat
  2794 | D:3      | 2794 ||| UPGRADING to amulet of the acrobat.
  2799 | D:3      | 2799 ||| DRINKING 2 lumpy cyan potions.
  2851 | D:3      | 2851 ||| READING 2 scrolls of identify.
  2851 | D:3      | 2851 ||| IDENTIFYING sedimented grey potion
  2947 | D:4      | Found a staircase to the Ecumenical Temple.
  2948 | D:4      | 2948 ||| PLANNING TEMPLE
  2956 | Temple   | Entered the Ecumenical Temple
  2966 | Temple   | 2966 ||| PLANNING OKAWARU WORSHIP
  3045 | Temple   | Became a worshipper of Warmaster Okawaru
  3046 | Temple   | 3046 ||| PLANNING D:1-11
  3130 | D:4      | Found a shimmering altar of Xom.
  3186 | D:4      | Reached XP level 5. HP: 15/32 MP: 5/5
  3453 | D:4      | 3453 ||| Stepping ~*~*~tactically~*~*~ (hiding).
  3879 | D:4      | Reached skill level 5 in Shields
  3919 | D:4      | Noticed Edmund
  3930 | D:4      | HP: 6/32 [Edmund/+1 vorpal flail (8)]
  3931 | D:4      | 3931 ||| DRINKING potion of heal wounds.
  3942 | D:4      | HP: 7/32 [Edmund/+1 vorpal flail (4)]
  3944 | D:4      | Slain by Edmund

Levels and vault maps discovered:
D:1:      dpeg_arrival_arbitrary_a, layout_basic,
          hellmonk_ecumenical_altar_lost_god
D:2:      layout_loops_ring
D:3:      layout_basic
D:4:      layout_gridville, nicolae_overflow_hidden_temple,
          minmay_temple_entry_wispy, uniq_edmund
Temple:   zaba_magenta_temple

Skill      XL: |  1  2  3  4  5 |
---------------+----------------+-----
Axes           | 2 3 4 |  4.1
Shields        | 4 5 |  5.0
Fighting       | |  3.2
Armour         | |  3.2

Action                   |  1- 3 |  4- 6 || total
-------------------------+-------+-------++-------
Melee: War axe           |   116 |    77 ||   193
Throw: Boomerang         |     5 |    15 ||    20
  Use: Scroll            |     4 |     2 ||     6
       Potion            |       |     2 ||     2
Armor: Scale mail        |    23 |       ||    23
       Chain mail        |    32 |    44 ||    76
Dodge: Dodged            |    43 |    24 ||    67
Block: Buckler           |    14 |       ||    14
       Kite shield       |     6 |    43 ||    49

Table legend:
 A = Non-vault XP
 B = Vault XP
 C = Vault XP percentage of total XP
 D = Non-vault monster count
 E = Vault monster count
 F = Vault count percentage of total count
                 A         B        C        D         E       F
            +---------+---------+-------+---------+---------+-------
      Total |     266 |       0 |   0.0 |      73 |       0 |   0.0
            +---------+---------+-------+---------+---------+-------
        D:1 |      27 |       0 |   0.0 |      14 |       0 |   0.0
        D:2 |      36 |       0 |   0.0 |      22 |       0 |   0.0
        D:3 |      40 |       0 |   0.0 |      22 |       0 |   0.0
        D:4 |     163 |       0 |   0.0 |      15 |       0 |   0.0
            +---------+---------+-------+---------+---------+-------
